 Dungeon Crawl Stone Soup version 0.25-a0-734-g73332aeda9 (webtiles) character file.

Game seed: 5030705855490137747, levelgen mode: deterministic

14 Maedhros the Charlatan (level 2, -11/18 HPs)
             Began as an Octopode Artificer on Apr 10, 2020.
             Shot with an arrow by a centaur (16 damage)
             ... on level 3 of the Dungeon.
             The game lasted 00:01:11 (254 turns).

Maedhros the Charlatan (Octopode Artificer)          Turns: 254, Time: 00:01:12

Health: -11/18     AC:  1    Str: 11    XL:     2   Next: 41%
Magic:  4/4        EV: 13    Int: 13    God:
Gold:   25         SH:  0    Dex: 12    Spells: 1/1 levels left

rFire    . . .     SeeInvis .   g - +0 dagger (elec)
rCold    . . .     Gourm    .   (no shield)
rNeg     . . .     Faith    .   (helmet restricted)
rPois    .         Spirit   .   (no amulet)
rElec    .         Reflect  .   (no ring)
rCorr    .         Harm     .   (no ring)
MR       .....                  (no ring)
Stlth    +++.......             (no ring)
HPRegen  0.06/turn              (no ring)
MPRegen  0.09/turn              (no ring)
                                (no ring)
                                (no ring)

@: no status effects
A: almost no armour, stealthy swim, amphibious, 8 rings, constrict 8, camouflage
1, gelatinous body 1
a: no special abilities


You were on level 3 of the Dungeon.
You were not hungry.

You visited 1 branch of the dungeon, and saw 3 of its levels.

You collected 25 gold pieces.

Inventory:

Hand Weapons
 a - a +0 short sword
 g - a +0 dagger of electrocution (weapon)
Missiles
 h - 14 sling bullets
 i - a stone (quivered)
Wands
 b - a wand of flame (13)
 c - a wand of enslavement (13)
 d - a wand of random effects (15)
Scrolls
 e - a scroll of teleportation {unknown}
Comestibles
 f - 2 rations


   Skills:
 - Level 1.0 Fighting
 * Level 1.6 Short Blades
 - Level 2.0 Dodging
 + Level 2.1 Stealth
 + Level 3.5 Evocations


You had one spell level left.
You didn't know any spells.
Your spell library was empty.

Dungeon Overview and Level Annotations

Branches:
Dungeon (3/15)

Altars:


Innate Abilities, Weirdness & Mutations

You cannot wear most types of armour.
You are very stealthy in the water. (Stealth+)
You are amphibious.
You can wear up to eight rings at the same time.
You can use your tentacles to constrict eight enemies at once.
Your skin changes colour to match your surroundings (Stealth+).
Your rubbery body absorbs attacks. (AC +1, EV +1)


Message History

The frilled lizard bites you but does no damage.
You hit the frilled lizard. Your grab misses the frilled lizard.
The frilled lizard is heavily wounded.
The frilled lizard barely misses you.
You hit the frilled lizard.
You kill the frilled lizard!
No target in view!
Found 22 stones.
A kobold comes into view. It is wielding a +0 club.
The kobold shouts!
You hear a shout!
Found a hand axe and an arrow.
The kobold throws a stone.
The stone hits you but does no damage.
You see here a stone.
The kobold throws a stone.
The stone closely misses you.
The centaur shoots an arrow.
The arrow hits you!
* * * LOW HITPOINT WARNING * * *
You see here an arrow.
The centaur shoots an arrow.
The arrow hits you!
Ouch! That really hurt!
You die...

# #.
#.##########
#c......... #
#..⌠...⌠(##
#.#....K....##
#..⌠...@...⌠.#.#
#.#....(.......
.#..(...⌠.###.
#.....)((..#
###...##...# #
##.# #..## #.
#.# #.####.#
#..######.#
#......#
..........#
#..#####


You could see a centaur and a kobold.

Vanquished Creatures
  A leopard gecko (D:1)
  A giant cockroach (D:1)
  A hobgoblin (D:3)
  4 bats (D:1)
  A frilled lizard (D:3)
  2 goblins (D:1)
  A kobold (D:1)
  A rat (D:1)
12 creatures vanquished.

Vanquished Creatures (collateral kills)
  2 kobolds (D:3)
2 creatures vanquished.

Grand Total: 14 creatures vanquished

Notes
Turn   | Place    | Note
-------+----------+-------------------------------------------
     0 | D:1      | Maedhros the Octopode Artificer began the quest for the
                  | Orb.
     0 | D:1      | Reached XP level 1. HP: 13/13 MP: 3/3
   109 | D:1      | Reached XP level 2. HP: 11/18 MP: 4/4
   186 | D:3      | Noticed a centaur
   254 | D:3      | Shot with an arrow by a centaur

Levels and vault maps discovered:
D:1:      nicolae_arrival_memento_mori, layout_loops_ring, xom_teletrap_fun
D:2:      layout_basic, zin_purify, first_ration, bloody_makhleb, uniq_jessica
D:3:      layout_loops_ring, lemuel_round_altar, okawaru_trees_1, minivault_26,
          grunt_ministairs_2

Skill      XL: |  1 |
---------------+----+-----
Stealth        | 2 |  2.1
Fighting       | |  1.0
Short Blades   | |  1.6
Dodging        | |  2.0
Evocations     | |  3.5

Action                   || total
-------------------------++-------
Melee: Dagger            ||    20
       Short sword       ||     4
       Constrict         ||     5
       Tentacles         ||     2
Evoke: Wand              ||     4
Armor: Skin              ||     6
Dodge: Dodged            ||    30

Table legend:
 A = Non-vault XP
 B = Vault XP
 C = Vault XP percentage of total XP
 D = Non-vault monster count
 E = Vault monster count
 F = Vault count percentage of total count
                 A         B        C        D         E       F
            +---------+---------+-------+---------+---------+-------
      Total |      19 |       1 |   5.0 |      13 |       1 |   7.1
            +---------+---------+-------+---------+---------+-------
        D:1 |      16 |       0 |   0.0 |      10 |       0 |   0.0
        D:3 |       3 |       1 |  25.0 |       3 |       1 |  25.0
            +---------+---------+-------+---------+---------+-------
